 Dungeon Crawl Stone Soup version 0.30-a0-377-g5cb311bc9f (webtiles) character file.

Game seed: 2654996415510017930

231 mopl the Sneak (level 6, -1/39 HPs)
             Began as an Octopode Brigand on Nov 28, 2022.
             Slain by an orc
             ... wielding a +0 club
              (5 damage)
             ... on level 3 of the Dungeon.
             The game lasted 00:04:26 (2566 turns).

mopl the Sneak (Octopode Brigand)                   Turns: 2566, Time: 00:04:27

Health: -1/39      AC:  1    Str: 16    XL:     6   Next: 3%
Magic:  15/15      EV: 12    Int: 16    God:
Gold:   81         SH:  0    Dex: 13    Spells: 5/5 levels left

rFire   . . .      SeeInvis .    b - +1 short sword (venom)
rCold   . . .      Faith    .    (no shield)
rNeg    . . .      Spirit   .    (helmet restricted)
rPois   .          Reflect  .    (no amulet)
rElec   .          Harm     .    j - ring of magical power
rCorr   .          Rampage  .    o - +6 ring of strength
Will    .....                    (no ring)
Stlth   +++++.....               (no ring)
HPRegen 0.26/turn                (no ring)
MPRegen 0.14/turn                (no ring)
                                 (no ring)
                                 (no ring)

@: no status effects
A: almost no armour, amphibious, 8 rings, camouflage 1, gelatinous body 1,
(nimble swimmer 1), tentacles
a: no special abilities


You were on level 3 of the Dungeon.
You visited 1 branch of the dungeon, and saw 4 of its levels.

You collected 81 gold pieces.

Inventory:

Hand Weapons
 a - a +2 dagger
 b - a +1 short sword of venom (weapon)
 y - the +4 rapier "Egoopem" {antimagic, Str+6 Dex-5 Stlth+}
   (You found it on level 3 of the Dungeon)

   It reduces the magical energy of the wielder, and disrupts the spells and
   magical abilities of those it strikes.
   Natural abilities and divine invocations are not affected.
   Str:       It affects your strength (+6).
   Dex:       It affects your dexterity (-5).
   Stlth:     It makes you more stealthy.
Missiles
 c - 3 curare-tipped darts
 g - 14 poisoned darts (quivered)
 h - 6 atropa-tipped darts
 r - 6 javelins
Magical Staves
 l - a staff of earth
 z - a staff of cold
Jewellery
 j - a ring of magical power (left tentacle)
 o - a +6 ring of strength (right tentacle)
 x - the amulet "Uzemm" {Faith Fragile rCorr Str+3 Int+3}
   (You took it off a gnoll on level 3 of the Dungeon)

   [amulet of faith]

   It allows you to gain divine favour quickly.
   Str:       It affects your strength (+3).
   Int:       It affects your intelligence (+3).
   rCorr:     It protects you from acid and corrosion.
   Fragile:   It will be destroyed if unequipped.
Wands
 B - a wand of mindburst (8)
Scrolls
 d - 2 scrolls of teleportation {unknown}
 f - 2 scrolls of enchant armour {unknown}
 m - a scroll of butterflies {unknown}
 n - 3 scrolls of enchant weapon {unknown}
 s - 2 scrolls of immolation
 u - a scroll of vulnerability {unknown}
 v - a scroll of brand weapon {unknown}
Potions
 e - a potion of lignification {!q}
 i - a potion of ambrosia
 k - a potion of mutation {!q}
 p - 4 potions of curing {unknown}
 q - 2 potions of heal wounds {unknown}
 t - a potion of magic {unknown}
 w - a potion of degeneration {unknown}
 A - a potion of might {unknown}


   Skills:
 - Level 2.0 Fighting
 - Level 2.0 Short Blades
 + Level 4.4 Throwing
 - Level 1.0 Dodging
 + Level 7.8 Stealth
 + Level 1.0 Evocations


You had 5 spell levels left.
You didn't know any spells.
Your spell library contained the following spells:

 Spells                   Type           Power      Damage    Failure   Level
 Call Canine Familiar     Summ           0%         N/A       58%         3
 Portal Projectile        Hex/Tloc       0%         N/A       58%         3
 Leda's Liquefaction      Hex/Erth       0%         N/A       94%         4


Dungeon Overview and Level Annotations

Branches:
Dungeon (4/15)
 Temple: D:4-7

Altars:
Xom


Innate Abilities, Weirdness & Mutations

You cannot wear most types of armour.
You are amphibious.
You can wear up to eight rings at the same time.
Your skin changes colour to match your surroundings (Stealth+).
Your rubbery body absorbs attacks. (AC +1, EV +1)
((You are camouflaged when in or above water. (Stealth+)))
You have tentacles for arms and can constrict up to eight enemies at once.


Message History

Deactivating autopickup; reactivate with Ctrl-A.
You miss something. Something hits you.
* * * LOW HITPOINT WARNING * * *
You hit something but do no damage.
You hear some strange, mumbled words.
A magic dart appears from out of thin air!
The magic dart hits you!
* * * LOW HITPOINT WARNING * * *
You closely miss something. Something hits you.
* * * LOW HITPOINT WARNING * * *
You miss something. You squeeze something.
Reactivating autopickup.
You feel a bit more experienced.
Your Evocations skill increases to level 1!
You have reached level 6!
Things that are here:
a +0 dagger; a +0 robe; an orc corpse
There is a stone staircase leading down here.
You start resting.
HP restored.
You climb downwards.
The gnoll hits you with a +0 club. The orc hits you with a +0 club.
The gnoll hits you with a +0 club. The orc closely misses you.
There is a stone staircase leading up here.
The gnoll hits you with a +0 club. The orc hits you with a +0 club.
You climb upwards.
There is a stone staircase leading down here.
Unknown command.
The orc hits you with a +0 club.
* * * LOW HITPOINT WARNING * * *
The orc attacks as you move away! The orc hits you with a +0 club.
* * * LOW HITPOINT WARNING * * *
The gnoll attacks as you move away! The gnoll hits you with a +0 club.
* * * LOW HITPOINT WARNING * * *
The orc attacks as you move away! The orc hits you with a +0 club.
* * * LOW HITPOINT WARNING * * *
You hit the orc.
The orc is poisoned.
You grab the orc.
The orc is lightly wounded.
You constrict the orc. The orc hits you with a +0 club.
You die...

#.#...................##...#.....
.........####..##...#.######.####
..#............##..#.............
........###....##..##.###..#.....
..#.......###..#[..##.# #..######
......#.#.# #>.....##.# #..#
......#.#.# #..##..##.###..######
..#...#.#.###..#.......<.........
......#.#..##..#@..##.####.###.##
..............go...##.####.# #.#
.......................#...# #.#
..#..............#.#...###.# #.#
..#................#...# #.# #.##
.......................# #.# #.#.
...................#.#.# #.# #.#.
.##................#.#.###.###.#.
.##................#.#...........


You could see a gnoll and an orc (very poisoned).

Vanquished Creatures
  An orc wizard (D:3)
  5 gnolls
  8 adders
  A white imp (D:3)
  2 worms (D:2)
  2 dart slugs
  6 endoplasms
  4 giant cockroaches
  3 hobgoblins (D:1)
  2 jackals (D:1)
  5 kobolds
  8 quokkas
  10 ball pythons
  4 bats
  5 frilled lizards
  5 goblins
  3 rats
  A spectral hobgoblin (D:1)
75 creatures vanquished.

Vanquished Creatures (others)
  3 fungi (D:4)
  9 plants (D:4)
12 creatures vanquished.

Grand Total: 87 creatures vanquished

Notes
Turn   | Place    | Note
-------+----------+-------------------------------------------
     0 | D:1      | mopl the Octopode Brigand began the quest for the Orb.
     0 | D:1      | Reached XP level 1. HP: 14/14 MP: 1/1
   152 | D:1      | Reached XP level 2. HP: 14/19 MP: 2/2
   243 | D:1      | Reached skill level 6 in Stealth
   319 | D:1      | Found a faded altar of an unknown god.
   323 | D:1      | Reached XP level 3. HP: 24/24 MP: 3/3
   812 | D:2      | Found a shimmering altar of Xom.
   828 | D:2      | Reached skill level 3 in Throwing
  1068 | D:2      | Reached XP level 4. HP: 22/29 MP: 4/4
  1167 | D:2      | Identified the +0 cloak of Wijilic {rC+ Dex+2}
  1554 | D:3      | Identified the +1 ring mail of the Peculiar Eyes {MP+9}
  1566 | D:3      | Identified the amulet "Uzemm" {Faith Fragile rCorr Str+3
                  | Int+3}
  1582 | D:3      | Reached skill level 7 in Stealth
  1676 | D:3      | Reached XP level 5. HP: 29/34 MP: 5/5
  1713 | D:3      | Reached skill level 4 in Throwing
  1755 | D:3      | Identified the +4 rapier "Egoopem" {antimagic, Str+6 Dex-5
                  | Stlth+}
  2419 | D:3      | Reached skill level 1 in Evocations
  2419 | D:3      | Reached XP level 6. HP: 3/39 MP: 6/6
  2566 | D:3      | Slain by an orc

Illustrated notes

Levels and vault maps discovered:
D:1:      onia_arrival_mini_maze, layout_rooms,
          dreamdust_ecumenical_altar_drowned_temple,
          hangedman_decor_clover_reticule, minmay_misc_feat_doors
D:2:      layout_loops_cross, basic_altar, minmay_splitting_lines,
          corexii_leaking_fountain, chequers_mini_garden
D:3:      layout_basic
D:4:      layout_cave_pools, nicolae_ru_path_of_blood,
          minmay_temple_entry_enclosed_plants, dreamdust_mushroom_princess,
          grunt_ministairs_7

Skill      XL: |  1  2  3  4  5 |
---------------+----------------+-----
Stealth        | 6 7 |  7.8
Throwing       | 3 4 |  4.4
Evocations     | 1 |  1.0
Fighting       | |  2.0
Short Blades   | |  2.0
Dodging        | |  1.0

Action                   |  1- 3 |  4- 6 || total
-------------------------+-------+-------++-------
Melee: Dagger            |     7 |       ||     7
       Constrict         |    14 |    17 ||    31
       Short sword       |    48 |    78 ||   126
       Tentacles         |    13 |    17 ||    30
       Punch             |     2 |     1 ||     3
Throw: Dart              |     1 |     2 ||     3
  Use: Scroll            |       |     4 ||     4
 Stab: Sleeping          |    10 |    16 ||    26
Armor: Skin              |     1 |     3 ||     4
Dodge: Dodged            |    30 |    35 ||    65

Table legend: (Time is in decaauts)
 A = Elapsed time spent in this place.
 B = Non-inter-level travel time spent in this place.
 C = Inter-level travel time spent in this place.
 D = Time resting spent in this place.
 E = Time spent auto-exploring this place.
 F = Levels seen in this place.
 G = Mean time per level.
                   A        B        C        D        E       F      G
               +--------+--------+--------+--------+--------+-----+--------+
         Total |   2552 |   2366 |    186 |    136 |   1666 |   4 |  638.0 |
       Dungeon |   2552 |   2366 |    186 |    136 |   1666 |   4 |  638.0 |
               +--------+--------+--------+--------+--------+-----+--------+

Top non-repeatable levels by time:
     D:3: 1086 daAuts
     D:1: 780 daAuts
     D:2: 617 daAuts
     D:4: 67 daAuts
